 Dungeon Sprint DCSS version 0.23.0-38-g208d714 (webtiles) character file.

Game seed: 8123857830446672318

198 Fang the Skirmisher (level 5, -3/38 HPs)
             Began as a Gargoyle Berserker on Feb 27, 2019.
             Was an Elder of Trog.
             Slain by an orc warrior
             ... wielding a cursed -2 trident
              (13 damage)
             ... in the Dungeon (Sprint VII: "The Pits").
             The game lasted 00:00:42 (272 turns).

Fang the Skirmisher (Gargoyle Berserker)             Turns: 272, Time: 00:00:43

Health: -3/38      AC: 17    Str: 22    XL:     5   Next: 77%
Magic:  5/5        EV: 10    Int:  7    God:    Trog [****..]
Gold:   0          SH:  0    Dex:  9    Spells: 4/4 levels left

rFire    . . .     SeeInvis .   n - +1 hand axe (freeze)
rCold    . . .     Gourm    .   (no shield)
rNeg     + . .     Faith    .   o - +3 chain mail
rPois    ∞         Spirit   .   (no helmet)
rElec    +         Reflect  .   (no cloak)
rCorr    .         Harm     .   (no gloves)
MR       .....     NoTele   +   (no boots)
Stlth    ..........             (no amulet)
HPRegen  0.12/turn              (no ring)
MPRegen  0.09/turn              (no ring)

@: berserk cooldown, slowed, very slow
A: negative energy resistance 1, electricity resistance, unbreathing,
petrification resistance, rot immunity, AC +4
a: Berserk, Trog's Hand, Brothers in Arms, Renounce Religion


You were in the Dungeon.
You worshipped Trog.
Trog was greatly pleased with you.
You were not hungry.

You visited 1 branch

Inventory:

Hand Weapons
 j - a +2 hand axe
 n - a +1 hand axe of freezing (weapon)
Armour
 b - a +0 animal skin
 o - a +3 chain mail (worn)
Scrolls
 i - a scroll of blinking
 k - 3 scrolls of remove curse
 l - a scroll of summoning
Potions
 a - 2 potions of invisibility
 d - 6 potions of curing
 e - 6 potions of heal wounds
 f - a potion of haste
 g - 4 potions of magic
 h - 3 potions of berserk rage
Comestibles
 c - 9 rations
 m - 2 chunks of flesh


   Skills:
 + Level 7.0 Fighting
 + Level 5.8 Axes
 + Level 6.5 Armour
 + Level 5.0 Dodging


You had 4 spell levels left.
You didn't know any spells.
Your spell library was empty.

Dungeon Overview and Level Annotations

Branches:
Dungeon (1/1)

Altars:


Innate Abilities, Weirdness & Mutations

You are resistant to torment.
Your stone body is resilient. (AC +4)
You are immune to poison.
You resist negative energy. (rN+)
You are resistant to electric shocks. (rElec)
You can survive without breathing.
You are immune to petrification.
You are immune to rotting.


Message History

You closely miss the phantom.
The phantom hits you but does no damage.
You slash the orc warrior! You freeze the orc warrior.
The orc warrior is heavily wounded.
Your chain mail prevents you from hitting the phantom.
The orc warrior barely misses you.
The phantom blinks!
You barely miss the orc warrior.
The orc warrior is heavily wounded.
You closely miss the orc warrior.
The orc warrior is heavily wounded.
You slash the crimson imp! You freeze the crimson imp.
You kill the crimson imp!
Trog accepts your kill.
Your Fighting skill increases to level 7!
Your Dodging skill increases to level 5!
You are no longer berserk.
You are exhausted.
You feel yourself slow down.
The orc warrior hits you with a cursed -2 trident!
You die...

#.#..#..#..##.....
#.#..'..)..#####'#
#.##'####'###.....
#.#........##.....
#.#........##.....
#.#####'#####...<.
#W#..[)))..##.....
#.#...).)..##.....
#@###########.....
#oos....# ######
#..wO...#
#...#...# #..##
..# #... .# #... #
#....


You could see a phantom, an orc warrior, an ogre, a worm, an orc and a giant
cockroach.

Vanquished Creatures
  A floating eye (D)
  A crimson imp (D)
  An iguana (D)
  A worker ant (D)
  An ooze (D)
  An adder zombie (D)
  2 orcs (D)
  A bat skeleton (D)
  A goblin (D)
  A quokka (D)
  A bat (D)
  A frilled lizard (D)
13 creatures vanquished.

Notes
Turn   | Place    | Note
-------+----------+-------------------------------------------
     0 | D        | Fang the Gargoyle Berserker began the quest for the Orb.
     0 | D        | Reached XP level 1. HP: 14/14 MP: 1/1
    11 | D        | Noticed a floating eye
    15 | D        | Paralysed by a floating eye for 2 turns
    21 | D        | Killed a floating eye
    21 | D        | Reached skill level 5 in Fighting
    21 | D        | Reached skill level 5 in Armour
    21 | D        | Reached XP level 2. HP: 22/22 MP: 2/2
    21 | D        | Reached XP level 3. HP: 27/27 MP: 3/3
    21 | D        | Reached XP level 4. HP: 32/32 MP: 4/4
    72 | D        | Reached ** piety under Trog
    72 | D        | Reached skill level 6 in Fighting
    72 | D        | Reached skill level 5 in Axes
    72 | D        | Reached XP level 5. HP: 28/36 MP: 5/5
   149 | D        | Reached *** piety under Trog
   256 | D        | Noticed an orc warrior
   256 | D        | Noticed a phantom
   259 | D        | Reached **** piety under Trog
   264 | D        | Noticed an ogre
   272 | D        | Reached skill level 7 in Fighting
   272 | D        | Reached skill level 5 in Dodging
   272 | D        | Slain by an orc warrior

Skill      XL: |  1  2  3  4  5 |
---------------+----------------+-----
Fighting       | 5 6 7 |  7.0
Axes           | 4 5 |  5.8
Armour         | 5 6 |  6.5
Dodging        | 3 4 5 |  5.0

Action                   |  1- 3 |  4- 6 || total
-------------------------+-------+-------++-------
Melee: Hand axe          |     8 |    43 ||    51
Invok: Berserk           |       |     1 ||     1
Armor: Chain mail        |       |    11 ||    11
       Animal skin       |       |     5 ||     5
Dodge: Dodged            |       |    27 ||    27
